 Dungeon Crawl Stone Soup version 0.27-a0-124-g19cb506db8 (webtiles) character file.

Game seed: 12359763837494014073

396268 jasper the Executioner (level 22, -2/222 (223) HPs)
             Began as a Palentonga Berserker on Jan 25, 2021.
             Was the Champion of Trog.
             Slain by a hell knight
             ... wielding a +0 great mace of draining
              (12 damage)
             ... on level 1 of the Depths.
             The game lasted 01:23:52 (64985 turns).

jasper the Executioner (Palentonga Berserker)      Turns: 64985, Time: 01:23:53

HP:   -2/222 (223)  AC: 51    Str: 35    XL:     22   Next: 19%
MP:   22/22         EV:  9    Int: 11    God:    Trog [******]
Gold: 2690          SH:  0    Dex: 10    Spells: 21/21 levels left

rFire    + + .     SeeInvis +   w - +8 frozen axe "Frostbite" {freezing cloud, *Noise +Fly rC+}
rCold    + + +     Faith    +   (shield currently unavailable)
rNeg     + . .     Spirit   .   L - +10 plate armour of Qazlal's Hope {*Corrode +Blink rPois}
rPois    +         Reflect  .   z - +1 helmet
rElec    .         Harm     .   u - +1 cloak "Ifa Gakh" {rN+ Str+5}
rCorr    .         Rampage  .   Z - +2 pair of gloves
Will     +++..                  b - +4 barding {rF+}
Stlth    ..........             q - amulet of faith
HPRegen  1.47/turn              o - ring of protection from fire
MPRegen  0.18/turn              R - ring of Ohu Ves {rPois rC++ Int+3}

@: regenerating, lightly drained, curled up
A: large, rugged brown scales 3, see invisible, deformed body, roll 1, armoured
tail, reflexive curl
}: 2/15 runes: serpentine, barnacled
a: Rolling Charge, Renounce Religion, Evoke Blink, Evoke Flight, Berserk, Trog's
Hand, Brothers in Arms


You were on level 1 of the Depths.
You worshipped Trog.
Trog was exalted by your worship.
You visited 8 branches of the dungeon, and saw 39 of its levels.
You visited the Abyss 1 time.
You also visited: Ice Cave.

You collected 5455 gold pieces.
You spent 2765 gold pieces at shops.

Inventory:

Hand Weapons
 e - the +7 executioner's axe of Glory {antimagic, Dex+4}
   (Trog gifted it to you on level 11 of the Dungeon)

   It reduces the magical energy of the wielder, and disrupts the spells and
   magical abilities of those hit.
   Natural abilities and divine invocations are not affected.
   It affects your dexterity (+4).
 w - the +8 frozen axe "Frostbite" (weapon) {freezing cloud, *Noise +Fly rC+}
   (Trog gifted it to you on level 4 of the Snake Pit)

   It has been specially enchanted to freeze those struck by it, causing extra
   injury to most foes and up to half again as much damage against particularly
   susceptible opponents.
   It can also slow down cold-blooded creatures.
   It protects you from cold.
   It lets you fly.
   It may make noises in combat.
 Q - the +7 battleaxe of Fear {flame, rPois}
   (Trog gifted it to you on level 8 of the Dungeon)

   It has been specially enchanted to burn those struck by it, causing extra
   injury to most foes and up to half again as much damage against particularly
   susceptible opponents.
   Big, fiery blades are also staple armaments of hydra-hunters.
   It protects you from poison.
Missiles
 B - 77 boomerangs (quivered)
 O - 11 throwing nets
 X - 4 curare-tipped darts
Armour
 b - a +4 barding of fire resistance (worn)
 u - the +1 cloak "Ifa Gakh" (worn) {rN+ Str+5}
   (You found it on level 3 of the Vaults)

   It affects your strength (+5).
   It protects you from negative energy.
 z - a +1 helmet (worn)
 L - the +10 plate armour of Qazlal's Hope (worn) {*Corrode +Blink rPois}
   (You bought it in a shop on level 2 of the Orcish Mines)

   It protects you from poison.
   It lets you blink.
   It may corrode you when you take damage.
 Z - a +2 pair of gloves (worn)
Jewellery
 i - an uncursed ring of resist corrosion
 o - a ring of protection from fire (left hand)
 q - an amulet of faith (around neck)
 P - an uncursed ring of positive energy
 R - the ring of Ohu Ves (right hand) {rPois rC++ Int+3}
   (You found it on level 2 of the Shoals)

   [ring of poison resistance]

   It affects your intelligence (+3).
   It greatly protects you from cold.
   It protects you from poison.
Wands
 v - a wand of paralysis (14)
 D - a wand of acid (17)
 G - a wand of iceblast (25)
 I - a wand of mindburst (20)
 J - a wand of flame (32)
 M - a wand of enslavement (11)
 U - a wand of digging (15)
 V - a wand of polymorph (46)
Scrolls
 a - 5 scrolls of holy word
 f - 5 scrolls of fear
 j - 14 scrolls of remove curse
 k - 14 scrolls of identify
 m - 6 scrolls of immolation
 p - a scroll of summoning
 s - 5 scrolls of magic mapping
 y - a scroll of silence
 K - 15 scrolls of teleportation
 N - 2 scrolls of enchant weapon
 T - 6 scrolls of vulnerability
 Y - 3 scrolls of fog
Potions
 c - a potion of resistance
 g - 5 potions of might
 h - 3 potions of haste
 l - 9 potions of mutation
 n - 8 potions of lignification
 r - 17 potions of curing
 t - 6 potions of flight
 x - 4 potions of attraction
 A - 3 potions of heal wounds
 C - 4 potions of ambrosia
 H - 5 potions of cancellation
Miscellaneous
 d - a phantom mirror
 E - a condenser vane (inert)
 F - a phial of floods
 S - a box of beasts
 W - a lightning rod (4/4)


   Skills:
 - Level 20.0 Fighting
 * Level 24.6 Axes
 - Level 15.0 Armour
 + Level 11.0 Dodging
 - Level 7.0 Evocations


You had 21 spell levels left.
You didn't know any spells.
Your spell library was empty.

Dungeon Overview and Level Annotations

Branches:
Dungeon (15/15)            Temple (0/1) D:4            Lair (6/6) D:10
 Shoals (4/4) Lair:4        Snake (4/4) Lair:4          Orc (2/2) D:10
    Elf (3/3) Orc:2        Vaults (4/5) D:13          Crypt (0/3) Vaults:3
 Depths (1/5) D:15          IceCv (visited)
  Slime: Lair:5-6

Altars:
Ashenzari
Cheibriados
Hepliaklqana
Kikubaaqudgha
Makhleb
Nemelex Xobeh
Ru
Xom
Beogh

Shops:
D:5 (   D:8 ?   D:10 *   D:15 *   Orc:2 [=[(   Elf:1 ?   Shoals:3 (
Vaults:1 (   Vaults:3 *

Portals:
Hell: Depths:1

Annotations:
Lair:5 exclusion: 4 oklob plants
Shoals:1 3 runed translucent doors, exclusion: obsidian statue, Peas's ghost, journeyman DrVM
Shoals:3 Roxanne
Elf:1 3 runed translucent doors, Heg Cuhi's ghost, adept MiFi; Hiliwumm's ghost, veteran MiGl
Elf:2 3 runed translucent doors
Elf:3 2 exclusions, Mara


Innate Abilities, Weirdness & Mutations

You are completely covered in rugged brown scales. (AC +3, +7% HP)
You have supernaturally acute eyesight. (SInv)
Armour fits poorly on your strangely shaped body.
You can roll at nearby foes to attack.
You have a long armoured tail.
You curl defensively after being hit.


Message History

* * * LOW HITPOINT WARNING * * *
The hellephant is engulfed in freezing vapours.
The hellephant breathes flames at you. The blast of flame hits you! You resist.
* * * LOW HITPOINT WARNING * * *
The blast of flame hits the hell knight.
The hell knight completely resists.
The balrug hits you with a +1 demon whip of electrocution.
* * * LOW HITPOINT WARNING * * *
You are engulfed in flames.
You resist.
* * * LOW HITPOINT WARNING * * *
You are electrocuted!!
* * * LOW HITPOINT WARNING * * *
You take 38 damage, and have 15/222 hp.
Unknown command.
You feel much better.
The hell knight hits you with a +3 vorpal glaive!
* * * LOW HITPOINT WARNING * * *
x2 The hell knight hits you with a +0 great mace of draining!
You die...

### # ### #### # #.##
#..# # #######..###
#..#####
###..........####..#..##
'''''')))....#..##...###
+++''Yp2##.....#.#...##
+'§°p@'...#...#...####
+§§○§ppp.###......#.#.#
+§§☼§'''...####.#...#.#
+○§|§'+'##..........#..
+°§§§'+'##)...####..#..
+++++++'######........#
'# #.....#.....


'''''' '# ##....#.#... #.#..# #.....#.#)#. You could see a hellephant (catching
breath), a balrug and 5 hell knights.

Vanquished Creatures
  Frederick (Vaults:4)
  Margery (Vaults:4)
  A tentacled monstrosity (Vaults:4)
  Jorgrun (D:12)
  A lich (Vaults:2)
  Gastronok (Lair:3)
  A kraken (Shoals:2)
  Agnes (Snake:2)
  A sphinx (Vaults:3)
  A tengu reaver (Vaults:3)
  12 nagarajas
  The ghost of Wano the Alchemist, an adept DrTm of Wu Jian (Shoals:2)
  3 frost giants (Vaults:3)
  2 fire giants
  7 vault wardens
  4 deep elf sorcerers
  Louise (Snake:1)
  2 orc warlords
  3 balrugs (Depths:1)
  10 ironheart preservers
  A vampire knight (Vaults:3)
  7 very ugly things
  Nessos (D:15)
  8 stone giants
  3 deep elf annihilators
  2 entropy weavers
  5 fire dragons
  5 ettins
  3 jiangshi (Depths:1)
  4 merfolk impalers
  A spectral kraken (Shoals:2)
  A deep elf high priest (Elf:1)
  A deep elf death mage (Elf:2)
  4 merfolk javelineers
  Josephine (D:15)
  2 great orbs of eyes
  7 yaktaur captains
  10 boulder beetles
  11 ice dragons
  Harold (D:7)
  18 naga warriors
  2 catoblepae
  A rakshasa (Vaults:3)
  4 merfolk avatars
  13 anacondas
  7 hydras
  Erica (Lair:1)
  8 vault guards
  3 merfolk aquamancers
  An alligator snapping turtle (Shoals:3)
  31 two-headed ogres
  11 centaur warriors
  A deep troll shaman (Lair:6)
  11 ogre magi
  A deep troll earth mage (Vaults:3)
  A vampire mage (Depths:1)
  A satyr (Shoals:2)
  12 death yaks
  12 naga sharpshooters
  18 dancing weapons
  Urug (D:11)
  5 orc high priests
  21 deep elf knights
  2 sun demons (Depths:1)
  9 shock serpents
  8 hell knights
  3 glowing orange brains
  A skeletal warrior (D:15)
  16 sea snakes
  A death drake (shapeshifter) (Vaults:2)
  6 unseen horrors
  12 deep trolls
  A flayed ghost (Depths:1)
  7 naga ritualists
  26 deep elf archers
  A glowing orange brain (shapeshifter) (Vaults:3)
  9 ironbrand convokers
  An orange crystal statue (D:13)
  2 wizards
  4 necromancers
  A lindwurm (Lair:6)
  23 harpies
  Pikel (D:5)
  19 orc knights
  7 mana vipers
  2 oklob plants (Lair:2)
  3 wolf spiders
  32 ugly things
  8 orc sorcerers
  A cyclops (shapeshifter) (Elf:2)
  82 deep elf magi
  3 salamanders
  12 manticores
  6 fauns
  10 cyclopes
  A moth of wrath (shapeshifter) (Elf:3)
  5 centaur zombies
  A spectral alligator snapping turtle (Shoals:2)
  6 vault sentinels
  6 merfolk sirens
  A stone giant zombie (Vaults:1)
  36 black mambas
  2 ice statues (IceCv)
  3 water nymphs
  7 naga magi
  7 guardian serpents
  Psyche (D:10)
  A human zombie (Vaults:1)
  7 elephants
  A guardian serpent (shapeshifter) (D:15)
  A gargoyle (D:14)
  2 torpor snails
  9 cane toads
  A spectral sea snake (Shoals:2)
  An efreet (D:14)
  41 yaktaurs
  6 rime drakes
  2 hellions (Depths:1)
  6 komodo dragons
  5 centaur skeletons
  6 freezing wraiths
  3 kobold demonologists
  A jumping spider (shapeshifter) (Vaults:4)
  6 trolls
  3 meliai (D:14)
  5 tengu conjurers
  34 merfolk
  3 hornets
  4 wind drakes
  8 blink frogs
  2 jumping spiders
  5 polar bears
  22 slime creatures
  9 dream sheep
  Sigmund (D:6)
  8 snapping turtles
  A tarantella (shapeshifter) (Vaults:2)
  2 shadows
  14 water elementals
  3 redbacks (Vaults:4)
  56 yaks
  5 wyverns
  3 air elementals
  A centaur simulacrum (D:14)
  4 vampires
  5 wraiths
  3 fire elementals
  2 basilisks
  An elf skeleton (Vaults:1)
  Eustachio (D:4)
  Edmund (D:3)
  46 nagas
  7 wargs
  4 vampire mosquitoes (D:12)
  5 acid dragons
  A soldier ant (shapeshifter) (Vaults:4)
  A swamp worm (shapeshifter) (Elf:3)
  Duvessa (D:5)
  2 soldier ants
  15 water moccasins
  A spectral snapping turtle (Shoals:2)
  68 orc warriors
  3 black bears
  18 ice beasts
  5 sky beasts
  An eye of draining (shapeshifter) (Vaults:4)
  2 phantoms (D:4)
  50 ogres
  19 wolves
  4 lemures (D:5)
  9 centaurs
  2 big kobolds
  17 bullfrogs
  Dowan (D:5)
  2 wyvern skeletons
  4 scorpions
  14 killer bees
  3 wights (D:6)
  7 howler monkeys
  5 electric eels
  13 hounds
  A human simulacrum (Vaults:1)
  4 bullfrog zombies
  A quasit (D:11)
  4 jellies
  23 orc wizards
  38 orc priests
  Crazy Yiuf (D:5)
  2 bullfrog skeletons
  Terence (D:3)
  Natasha (thrice) (D:3)
  11 worker ants
  A killer bee zombie (D:7)
  A hound zombie (D:11)
  A hound skeleton (D:8)
  Robin (D:4)
  4 worker ant zombies
  13 adders
  7 gnolls
  A shadow imp (D:10)
  2 white imps
  4 ufetubi
  3 oozes
  An adder skeleton (D:10)
  5 worms
  2 dart slugs
  3 leopard geckos
  142 orcs
  3 ball pythons
  11 giant cockroaches
  22 goblins
  11 hobgoblins
  3 iguanas
  17 jackals
  29 kobolds
  7 quokkas
  8 bats
  7 frilled lizards
  2 jackal skeletons
  A leopard gecko skeleton (D:5)
  9 rats
  3 tentacles (Shoals:2)
1760 creatures vanquished.

Vanquished Creatures (collateral kills)
  Rupert (D:14)
  An ironheart preserver (Vaults:3)
  A merfolk impaler (Shoals:2)
  A death knight (D:15)
  An ogre mage (D:15)
  4 two-headed ogres (D:15)
  3 death yaks (Lair:3)
  A hell knight (Vaults:4)
  2 phantasmal warriors (D:15)
  A freezing wraith (D:15)
  A wind drake (Shoals:4)
  6 dream sheep
  A basilisk (Lair:2)
  A black bear (Lair:3)
  4 wolves (Lair:3)
29 creatures vanquished.

Vanquished Creatures (others)
  A merfolk aquamancer (Shoals:3)
  A deep elf knight (Vaults:4)
  A deep elf mage (Elf:1)
  An orc (Vaults:3)
  30 fungi
  98 plants
  9 tentacles (Shoals:2)
141 creatures vanquished.

Grand Total: 1930 creatures vanquished

Notes
Turn   | Place    | Note
-------+----------+-------------------------------------------
     0 | D:1      | jasper the Palentonga Berserker began the quest for the
                  | Orb.
     0 | D:1      | Reached XP level 1. HP: 20/20 MP: 1/1
   281 | D:1      | Reached XP level 2. HP: 23/27 MP: 2/2
   537 | D:1      | Reached skill level 4 in Axes
   754 | D:1      | Reached ** piety under Trog
   823 | D:1      | Reached XP level 3. HP: 29/33 MP: 3/3
  1612 | D:2      | Reached skill level 5 in Axes
  1612 | D:2      | Reached XP level 4. HP: 40/40 MP: 4/4
  2213 | D:3      | Noticed Terence
  2315 | D:3      | Reached XP level 5. HP: 48/48 MP: 5/5
  2358 | D:3      | Reached *** piety under Trog
  2651 | D:3      | Reached skill level 6 in Axes
  2690 | D:3      | Killed Terence
  2744 | D:3      | Noticed Natasha
  2755 | D:3      | Killed Natasha
  2843 | D:3      | Found a burning altar of Makhleb.
  3061 | D:3      | Noticed Natasha
  3071 | D:3      | Killed Natasha
  3072 | D:3      | Reached XP level 6. HP: 41/54 MP: 6/6
  3389 | D:3      | Noticed Natasha
  3394 | D:3      | Killed Natasha
  3395 | D:3      | Reached skill level 7 in Axes
  3560 | D:4      | Reached **** piety under Trog
  3560 | D:4      | Noticed Eustachio
  3574 | D:4      | Killed Eustachio
  3575 | D:4      | Reached skill level 8 in Axes
  3575 | D:4      | Gained mutation: You curl defensively after being hit.
                  | [Palentonga growth]
  3575 | D:4      | Reached XP level 7. HP: 60/60 MP: 7/7
  3695 | D:4      | Noticed Edmund
  3736 | D:3      | Killed Edmund
  3833 | D:4      | Reached skill level 9 in Axes
  4389 | D:4      | Found a staircase to the Ecumenical Temple.
  4609 | D:4      | Noticed Robin
  4611 | D:4      | Reached ***** piety under Trog
  4615 | D:4      | Reached XP level 8. HP: 67/67 MP: 8/8
  4626 | D:4      | Killed Robin
  4783 | D:4      | Found an ancient bone altar of Kikubaaqudgha.
  4848 | D:5      | Entered Level 5 of the Dungeon
  5066 | D:5      | Reached skill level 10 in Axes
  5264 | D:5      | Noticed Pikel
  5273 | D:5      | Killed Pikel
  5274 | D:5      | Reached skill level 11 in Axes
  5333 | D:5      | Noticed Duvessa
  5333 | D:5      | Noticed Dowan
  5374 | D:5      | Killed Duvessa
  5388 | D:5      | Killed Dowan
  5620 | D:5      | Found Rylott's Weapon Emporium.
  5632 | D:5      | Bought a +0 broad axe for 52 gold pieces
  5966 | D:5      | Reached XP level 9. HP: 56/73 MP: 9/9
  6077 | D:5      | Found a runed translucent door.
  6078 | D:5      | Noticed Crazy Yiuf
  6085 | D:5      | Killed Crazy Yiuf
  6723 | D:6      | Reached skill level 1 in Evocations
  6727 | D:6      | Reached skill level 12 in Axes
  6735 | D:6      | Noticed Sigmund
  6753 | D:6      | Killed Sigmund
  8651 | D:7      | Found a sparkling altar of Nemelex Xobeh.
  8662 | D:7      | Noticed Harold
  8677 | D:7      | Killed Harold
  8678 | D:7      | Reached XP level 10. HP: 75/85 MP: 10/10
  9025 | D:7      | Found a shimmering altar of Xom.
  9039 | D:7      | Reached skill level 5 in Fighting
  9242 | D:7      | You fall into a shaft and drop 2 floors!
  9417 | D:8      | Received a gift from Trog
  9420 | D:8      | Got a polished battleaxe {god gift}
  9421 | D:8      | Identified the +7 battleaxe of Fear {flame, rPois} (Trog
                  | gifted it to you on level 8 of the Dungeon)
  9547 | D:8      | Found Roarod's Magic Scroll Shoppe.
  9569 | D:8      | Bought a scroll of teleportation for 39 gold pieces
  9569 | D:8      | Bought a scroll of vulnerability for 97 gold pieces
  9569 | D:8      | Bought a scroll of identify for 26 gold pieces
  9569 | D:8      | Bought a scroll of fear for 45 gold pieces
  9581 | D:8      | Reached skill level 13 in Axes
 10632 | D:9      | Noticed a two-headed ogre
 10638 | D:9      | Killed a two-headed ogre
 10956 | D:9      | Found a hazy altar of Hepliaklqana.
 11194 | D:10     | Entered Level 10 of the Dungeon
 11581 | D:10     | Found a staircase to the Lair.
 11746 | D:10     | Noticed a two-headed ogre
 11756 | D:10     | Killed a two-headed ogre
 11756 | D:10     | Reached ****** piety under Trog
 11757 | D:10     | Reached XP level 11. HP: 73/96 MP: 11/11
 11917 | D:10     | Reached skill level 5 in Evocations
 12075 | D:10     | Noticed Psyche
 12083 | D:10     | Killed Psyche
 12084 | D:10     | Reached skill level 5 in Armour
 12684 | D:10     | Found Ecoock's General Store.
 12881 | D:10     | Bought a scroll of holy word for 112 gold pieces
 12935 | D:10     | Found a staircase to the Orcish Mines.
 13138 | Lair:1   | Entered Level 1 of the Lair of Beasts
 13244 | Lair:1   | Reached skill level 14 in Axes
 13604 | Lair:1   | Noticed Erica
 13621 | Lair:1   | Killed Erica
 14149 | Lair:2   | Noticed a seven-headed hydra
 14154 | Lair:2   | Killed a six-headed hydra
 14154 | Lair:2   | Received a gift from Trog
 14444 | Lair:2   | Noticed a seven-headed hydra
 14467 | Lair:2   | Killed a five-headed hydra
 15200 | Lair:2   | Noticed an oklob plant
 15200 | Lair:2   | Noticed a death yak
 15200 | Lair:2   | Noticed a death yak
 15200 | Lair:2   | Noticed a death yak
 15200 | Lair:2   | Noticed a death yak
 15226 | Lair:2   | Killed a death yak
 15230 | Lair:2   | Killed a death yak
 15231 | Lair:2   | Killed a death yak
 15232 | Lair:2   | Reached XP level 12. HP: 72/108 MP: 12/12
 15390 | Lair:2   | Reached skill level 15 in Axes
 15551 | Lair:2   | Killed a death yak
 15910 | Lair:3   | Noticed a five-headed hydra
 15921 | Lair:3   | Killed a one-headed hydra
 16278 | Lair:3   | Got a pitted platinum ring
 16332 | Lair:3   | Identified the ring of Texiott {Fire Will+ Dex+10} (You
                  | found it on level 3 of the Lair of Beasts)
 16360 | Lair:3   | Noticed a death yak
 16360 | Lair:3   | Noticed a death yak
 16370 | Lair:3   | Killed a death yak
 16371 | Lair:3   | Noticed a death yak
 16371 | Lair:3   | Noticed a death yak
 16371 | Lair:3   | Noticed a death yak
 16377 | Lair:3   | Killed a death yak
 16381 | Lair:3   | Killed a death yak
 16383 | Lair:3   | Killed a death yak
 16384 | Lair:3   | Killed a death yak
 16675 | Lair:3   | Noticed Gastronok
 16708 | Lair:3   | Killed Gastronok
 16709 | Lair:3   | Reached skill level 16 in Axes
 17281 | Lair:4   | Found a frozen archway.
 17350 | IceCv    | Entered an ice cave
 17366 | IceCv    | Reached XP level 13. HP: 104/118 MP: 13/13
 18000 | IceCv    | Got a coiled glass ring
 18020 | IceCv    | Identified the ring "Risor" {Int+4 Stlth+} (You found it in
                  | an ice cave)
 18752 | Lair:4   | Found a snail-covered altar of Cheibriados.
 18843 | Lair:4   | Reached skill level 10 in Fighting
 18954 | Lair:4   | Found a staircase to the Shoals.
 19029 | Lair:4   | Found a staircase to the Snake Pit.
 19659 | Lair:5   | Received a gift from Trog
 20353 | Lair:5   | Reached skill level 17 in Axes
 20660 | Lair:6   | Entered Level 6 of the Lair of Beasts
 20940 | Orc:1    | Entered Level 1 of the Orcish Mines
 21128 | Orc:1    | Noticed an orc warlord
 21146 | Orc:1    | Killed an orc warlord
 22299 | Orc:1    | Found a roughly hewn altar of Beogh.
 22649 | Orc:1    | Reached XP level 14. HP: 78/130 MP: 14/14
 22918 | Orc:2    | Entered Level 2 of the Orcish Mines
 22946 | Orc:2    | Received a gift from Trog
 23695 | Orc:2    | Found a roughly hewn altar of Beogh.
 23991 | Orc:2    | Found Kucez's Weapon Boutique.
 24008 | Orc:2    | Found Evenn's Antique Armour Shop.
 24054 | Orc:2    | Bought a runed cloak for 225 gold pieces
 24423 | Orc:2    | Found a staircase to the Elven Halls.
 24508 | Orc:2    | Noticed an orc warlord
 24526 | Orc:2    | Killed an orc warlord
 24527 | Orc:2    | Reached skill level 18 in Axes
 24529 | Orc:2    | Found a roughly hewn altar of Beogh.
 24895 | Orc:2    | Found Wiukineg's Armour Shop.
 25086 | Orc:2    | Found Vaceti's Jewellery Boutique.
 25462 | Orc:2    | Bought the +10 plate armour of Qazlal's Hope {*Corrode
                  | +Blink rPois} for 1369 gold pieces
 25853 | Lair:6   | Received a gift from Trog
 26408 | Lair:6   | Reached skill level 10 in Armour
 27036 | Lair:6   | Reached XP level 15. HP: 121/141 MP: 15/15
 27395 | D:11     | Received a gift from Trog
 27403 | D:11     | Got an encrusted executioner's axe {god gift}
 27404 | D:11     | Identified the +7 executioner's axe of Glory {antimagic,
                  | Dex+4} (Trog gifted it to you on level 11 of the Dungeon)
 27536 | D:11     | Noticed Urug
 27542 | D:11     | Killed Urug
 27598 | D:11     | Found a sacrificial altar of Ru.
 28789 | D:12     | Reached skill level 19 in Axes
 29038 | D:12     | Noticed Jorgrun
 29056 | D:12     | Killed Jorgrun
 29253 | D:13     | Received a gift from Trog
 30171 | D:13     | Found a gate to the Vaults.
 30473 | D:14     | Received a gift from Trog
 31446 | D:14     | Received a gift from Trog
 31533 | D:14     | Noticed Rupert
 31547 | D:14     | Killed Rupert
 31747 | D:15     | Entered Level 15 of the Dungeon
 31747 | D:15     | Noticed Josephine
 31757 | D:15     | Killed Josephine
 32020 | D:15     | Reached XP level 16. HP: 118/154 MP: 16/16
 32024 | D:15     | Reached skill level 20 in Axes
 32076 | D:15     | Received a gift from Trog
 32087 | D:15     | Found Macis Ynuku's Assorted Antiques.
 32091 | D:15     | Bought a scroll of immolation for 87 gold pieces
 32091 | D:15     | Bought a scroll of teleportation for 75 gold pieces
 32424 | D:15     | Noticed Nessos
 32436 | D:15     | Killed Nessos
 32704 | D:15     | Found a broken altar of Ashenzari.
 33296 | D:15     | Found a staircase to the Depths.
 33594 | Snake:1  | Entered Level 1 of the Snake Pit
 33651 | Snake:1  | You fall into a shaft and drop 1 floor!
 34492 | Snake:1  | Reached skill level 15 in Fighting
 34804 | Snake:1  | Noticed Louise
 34819 | Snake:1  | Killed Louise
 35393 | Snake:2  | Received a gift from Trog
 35449 | Snake:2  | Noticed Agnes
 35462 | Snake:2  | Killed Agnes
 36374 | Snake:2  | Reached XP level 17. HP: 117/167 MP: 17/17
 37598 | Snake:3  | Received a gift from Trog
 39298 | Snake:4  | Entered Level 4 of the Snake Pit
 41499 | Snake:4  | Received a gift from Trog
 41500 | Snake:4  | Found the +8 frozen axe "Frostbite" {freezing cloud, *Noise
                  | +Fly rC+}
 42560 | Snake:4  | Got a serpentine rune of Zot
 42838 | Shoals:1 | Entered Level 1 of the Shoals
 42850 | Lair:4   | Reached XP level 18. HP: 182/182 MP: 18/18
 44275 | Shoals:1 | Found a runed translucent gate.
 44278 | Shoals:1 | Found a runed translucent gate.
 44278 | Shoals:1 | Found an opulent altar of Gozag.
 44384 | Shoals:1 | Found a runed translucent gate.
 44391 | Shoals:1 | Noticed Peas's ghost (journeyman DrVM)
 44392 | Shoals:1 | Found Jiskaoxt's Assorted Antiques.
 44392 | Shoals:1 | Found Wefuofip's Assorted Antiques.
 45058 | Shoals:2 | Received a gift from Trog
 46286 | Shoals:2 | Noticed Wano's ghost (adept DrTm)
 46286 | Shoals:2 | Identified the cursed +0 demon trident of Destruction
                  | {drain, rElec rN+ Will- Int+5}
 46294 | Shoals:2 | Found a transporter.
 46301 | Shoals:2 | Found a transporter.
 46383 | Shoals:2 | Received a gift from Trog
 46567 | Shoals:2 | Killed Wano's ghost
 46580 | Shoals:2 | Got a wavering tin ring
 46581 | Shoals:2 | Identified the ring of Ohu Ves {rPois rC++ Int+3} (You
                  | found it on level 2 of the Shoals)
 47012 | Shoals:3 | Found Koyzowu's Weapon Shop.
 48000 | Shoals:3 | Noticed Roxanne
 48266 | Shoals:4 | Entered Level 4 of the Shoals
 48838 | Shoals:4 | Received a gift from Trog
 49088 | Shoals:4 | Got a barnacled rune of Zot
 49416 | Elf:1    | Entered Level 1 of the Elven Halls
 49825 | Elf:1    | Found a runed translucent gate.
 49826 | Elf:1    | Found a runed translucent gate.
 49826 | Elf:1    | Found a runed translucent gate.
 49826 | Elf:1    | Noticed Hiliwumm's ghost (veteran MiGl)
 49826 | Elf:1    | Noticed Heg Cuhi's ghost (adept MiFi)
 49861 | Elf:1    | Reached XP level 19. HP: 91/196 MP: 19/19
 50339 | Elf:1    | Received a gift from Trog
 50836 | Elf:1    | Found Zatigricos's Magic Scroll Shop.
 50844 | Elf:1    | Bought a scroll of fog for 24 gold pieces
 50844 | Elf:1    | Bought a scroll of immolation for 42 gold pieces
 50844 | Elf:1    | Bought a scroll of teleportation for 36 gold pieces
 51039 | Elf:1    | Reached skill level 15 in Armour
 51661 | Elf:2    | Received a gift from Trog
 52388 | Elf:2    | Received a gift from Trog
 52391 | Elf:2    | Identified the +4 broad axe of Palentonga's Peril {vorpal,
                  | Str+4 Int+3} (Trog gifted it to you on level 2 of the Elven
                  | Halls)
 52551 | Elf:2    | Found a runed translucent gate.
 52551 | Elf:2    | Found a runed translucent gate.
 52551 | Elf:2    | Found a runed translucent gate.
 52805 | Elf:3    | Entered Level 3 of the Elven Halls
 53443 | Elf:3    | Reached skill level 21 in Axes
 53462 | Elf:3    | Reached skill level 5 in Dodging
 53907 | Elf:3    | Cast into level 2 of the Abyss (a deep elf sorcerer)
 53919 | Elf:3    | Escaped the Abyss
 53921 | Elf:3    | Noticed Mara
 54671 | Vaults:1 | Entered Level 1 of the Vaults
 54804 | Vaults:1 | Received a gift from Trog
 56042 | Vaults:1 | Reached XP level 20. HP: 192/206 MP: 20/20
 56129 | Vaults:1 | Found Belofej's Antique Weapon Boutique.
 56644 | Vaults:2 | Received a gift from Trog
 57963 | Vaults:2 | Received a gift from Trog
 57970 | Vaults:2 | Reached skill level 22 in Axes
 58002 | Vaults:2 | Got an encrusted executioner's axe {god gift}
 58003 | Vaults:2 | Identified the +3 executioner's axe of Gurch {vorpal, rF+
                  | SInv} (Trog gifted it to you on level 2 of the Vaults)
 58573 | Vaults:3 | Found Ytae's General Store.
 58581 | Vaults:3 | Bought a scroll of magic mapping for 56 gold pieces
 58581 | Vaults:3 | Bought a lightning rod (4/4) for 480 gold pieces
 58933 | Vaults:3 | Received a gift from Trog
 59207 | Vaults:3 | Identified the +1 robe of the Playwright {Regen+}
 59584 | Vaults:3 | HP: 6/206 [ettin/+0 dire flail (25)]
 60268 | Vaults:3 | Received a gift from Trog
 60565 | Vaults:3 | Reached XP level 21. HP: 147/215 MP: 21/21
 60933 | Vaults:3 | Identified the +1 cloak "Ifa Gakh" {rN+ Str+5} (You found
                  | it on level 3 of the Vaults)
 61105 | Vaults:3 | Reached skill level 23 in Axes
 61274 | Vaults:3 | Found a staircase to the Crypt.
 61519 | Vaults:4 | Noticed Frederick
 61521 | Vaults:4 | Noticed Margery
 61522 | Vaults:4 | Received a gift from Trog
 61544 | Vaults:4 | Killed Frederick
 61884 | Vaults:4 | Killed Margery
 62480 | Vaults:4 | Received a gift from Trog
 62819 | Vaults:4 | Reached skill level 10 in Dodging
 63216 | Vaults:4 | Received a gift from Trog
 63941 | Depths:1 | Entered Level 1 of the Depths
 63944 | Depths:1 | Reached skill level 24 in Axes
 64089 | Depths:1 | Identified a scroll of acquirement
 64089 | Depths:1 | Acquired 928 gold pieces
 64178 | Depths:1 | Found a huge runed gate.
 64179 | Depths:1 | Found a huge runed gate.
 64179 | Depths:1 | Found a huge runed gate.
 64180 | Depths:1 | Found a huge runed gate.
 64181 | Depths:1 | Found a huge runed gate.
 64181 | Depths:1 | Found a huge runed gate.
 64182 | Depths:1 | Found a huge runed gate.
 64182 | Depths:1 | Found a huge runed gate.
 64182 | Depths:1 | Found a huge runed gate.
 64182 | Depths:1 | Found a huge runed gate.
 64183 | Depths:1 | Found a huge runed gate.
 64218 | Depths:1 | Found a huge runed gate.
 64222 | Depths:1 | Found a huge runed gate.
 64222 | Depths:1 | Found a huge runed gate.
 64222 | Depths:1 | Found a huge runed gate.
 64226 | Depths:1 | Found a huge runed gate.
 64229 | Depths:1 | Found a huge runed gate.
 64280 | Depths:1 | Found a gateway to Hell.
 64416 | Depths:1 | Found a sparkling altar of Nemelex Xobeh.
 64432 | Depths:1 | Reached XP level 22. HP: 223/223 MP: 22/22
 64434 | Depths:1 | Received a gift from Trog
 64965 | Depths:1 | Found a huge runed gate.
 64985 | Depths:1 | HP: 10/222 [hell knight/+3 vorpal glaive (4)]
 64985 | Depths:1 | Slain by a hell knight

Illustrated notes

Levels and vault maps discovered:
D:1:      lightli_molten_gateway, layout_rooms, st_stairs_1
D:2:      layout_rooms, minivault_27
D:3:      layout_rooms, overflow_temple_1_default, uniq_terence, uniq_natasha
D:4:      kennysheep_goblin_castle, layout_cave_pools,
          lemuel_coloured_pillars_altar, minmay_temple_entry_grid,
          uniq_eustachio, uniq_edmund
D:5:      layout_basic, serial_shops, nicolae_shop_crystal,
          minmay_misc_feat_columns, uniq_duvessa, uniq_crazy_yiuf_cottage,
          uniq_pikel
D:6:      wad_lake_hut, layout_rooms, uniq_sigmund
D:7:      layout_basic, general_overflow_altar, dk_xom_monty_hall, uniq_harold
D:8:      layout_basic, serial_shops,
          nicolae_shop_temple_entry_statues_fountains
D:9:      layout_basic, marbit_many_paths
D:10:     layout_basic, erik_lair_island, orc_0_dummy, serial_shops, shop,
          uniq_psyche
D:11:     layout_loops_ring, nicolae_ru_the_path_less_chosen, uniq_urug
D:12:     layout_grid_maze, nrook_guardian_serpent_ordinary, uniq_jorgrun
D:13:     layout_irregular_city, david_vaults_5, minivault_16
D:14:     layout_irregular_city, chequers_garden, minivault_26,
          minmay_the_grid_square_5x5_3x3_mashed
          [minmay_the_grid_square_5x5_spiral,
          minmay_the_grid_square_5x5_inner_v,
          minmay_the_grid_square_5x5_pentomino_r,
          minmay_the_grid_square_5x5_shrine2,
          minmay_the_grid_square_5x5_megaprize_diamond,
          minmay_the_grid_square_5x5_mess,
          minmay_the_grid_square_5x5_eight_small,
          minmay_the_grid_square_5x5_almost_minimal,
          minmay_the_grid_square_5x5_sharp_hourglass], uniq_rupert
D:15:     grunt_enter_depths_hoard, layout_cave_pools, serial_shops,
          shop_statue, ashenzari_altar_1, uniq_nessos, uniq_josephine
Lair:1:   layout_gridlike, uniq_erica
Lair:2:   dpeg_oklob_gauntlet, layout_regular_city
Lair:3:   layout_cave_pods, cheibrodos_lair_caveside_slide,
          chequers_serial_rivers_marsh, serial_bayou_shore_b,
          grunt_megastairs_2, infiniplex_staircase_pool, uniq_gastronok
Lair:4:   layout_regular_city, elwin_shoals_entry_rocks, dummy_snake_entry,
          basic_altar, portal_ice_cave_rime
Lair:5:   layout_hall_layers, minmay_slime_entry_oklob_open, lemuel_fruit_fields
Lair:6:   grunt_lair_end_beastmaster, layout_regular_city, grunt_megastairs_1
Shoals:1: layout_shoals, ebering_ghost_gozag
Shoals:2: layout_shoals, ebering_ghost_davey_jones
Shoals:3: layout_shoals, serial_shops, shop, uniq_roxanne
Shoals:4: shoals_end_hangedman, layout_shoals, argonaut_gorgonesque
Snake:1:  layout_rooms, uniq_louise
Snake:2:  layout_chambers, st_stairs_13, uniq_agnes
Snake:3:  layout_layer_cave, grunt_ministairs_14, st_stairs_4
Snake:4:  grunt_snake_rune_pools, layout_cave_town, abandoned_shop
Orc:1:    orc_temple, layout_caves, statue_in_the_mist_lemuel
Orc:2:    pubby_orc_utopia
Elf:1:    elf_arrival_002, layout_geoelf_diagonals, gammafunk_ghost_cemetery,
          serial_shops, nicolae_shop_temple_entry_statues_fountains,
          hangedman_elf_represent, st_stairs_10, minivault_19,
          grunt_ministairs_14, eino_tiny_chamber
Elf:2:    layout_geoelf_grid, minivault_26, minivault_4
Elf:3:    minmay_elf_hall, layout_loops_cross, drop_trap, st_stairs_6, uniq_mara
Vaults:1: nicolae_vaults_little_squares_1, vaults_dpeg_cross,
          nicolae_vaults_little_ls, ontoclasm_vaults_ring_square,
          vaults_room_grid, v_alt_pattern_1, hangedman_vaults_stagger,
          vaults_room_hallway, v_pattern_3, ontoclasm_vaults_fault,
          grunt_vaults_swirl, ontoclasm_vaults_claustrophobia, v_alt_pattern_5,
          nicolae_vaults_mini_display_case, ontoclasm_vaults_twist,
          layout_vaults_omnicross, serial_shops,
          nicolae_shop_competitors_out_of_business
Vaults:2: v_alt_pattern_1, v_misc_10, vaults_room_fours, v_misc_26,
          vaults_room_guarded_vault, v_rooms_2, v_misc_19, v_misc_22,
          hangedman_vaults_river_flow, v_misc_24, vaults_room_ringed_pool,
          v_misc_27, layout_vaults_omnibox
Vaults:3: hangedman_vaults_impose, dpeg_vaults_monster_row,
          nicolae_vaults_asterisk, dpeg_vaults_waves,
          minmay_crypt_entry_vampire_xt, ontoclasm_vaults_chip,
          vaults_room_grid, vaults_dpeg_ring, vaults_room_door_ring,
          nicolae_vaults_gold_heap, vaults_room_semicircle,
          layout_vaults_omnigrid, serial_shops, shop_fountains
Vaults:4: ontoclasm_vaults_shout, vaults_room_grunt_arrival_ludios,
          vaults_room_door_hall, nicolae_vaults_circle_grid_a,
          vaults_room_octagon, nicolae_vaults_sealed_display,
          vaults_standard_mumra_enter_the_diamond,
          nicolae_vaults_stairing_the_circle, vaults_room_corners, v_misc_17,
          v_alt_pattern_4, vaults_room_pools, layout_vaults_ring,
          lightli_enter_wizlab_magi_temple, uniq_margery, uniq_frederick
Depths:1: layout_twisted_cross, nemelex_xobeh_ov_fountains_minmay,
          lightli_too_deep, minmay_misc_feat_more_columns,
          hangedman_decor_clover_reticule, grunt_ministairs_1,
          hangedman_decor_slide_cut, not_door_vault_due

Skill      XL: |  1  2  3  4  5  6  7  8  9 10 11 12 13 14 15 16 17 18 19 20 21 22 |
---------------+-------------------------------------------------------------------+-----
Axes           | 4 5 6 8 9 11 12 13 14 16 17 18 19 20 21 22 24 | 24.6
Armour         | 3 4 6 7 8 10 11 12 13 14 15 | 15.0
Evocations     | 3 4 6 7 |  7.0
Fighting       | 4 6 7 9 10 12 13 15 17 19 20 | 20.0
Dodging        | 5 8 10 11 | 11.0

Action                   |  1- 3 |  4- 6 |  7- 9 | 10-12 | 13-15 | 16-18 | 19-21 | 22-24 || total
-------------------------+-------+-------+-------+-------+-------+-------+-------+-------++-------
Melee: Hand axe          |   142 |   160 |   208 |       |       |       |       |       ||   510
       Tailslap          |    12 |    21 |    55 |    35 |   153 |   206 |   238 |     9 ||   729
       Broad axe         |       |       |    84 |    39 |       |       |       |       ||   123
       War axe           |       |       |    86 |       |       |       |       |       ||    86
       Battleaxe         |       |       |       |   324 |  1057 |  1141 |   718 |       ||  3240
       Executioner's axe |       |       |       |       |       |       |   539 |    62 ||   601
Throw: Stone             |    47 |     9 |     4 |       |    14 |       |       |       ||    74
       Dart              |       |    44 |    50 |   132 |    15 |       |       |       ||   241
       Boomerang         |       |       |    13 |       |     1 |    73 |     3 |       ||    90
Invok: Berserk           |     4 |     9 |    11 |     2 |     9 |     6 |     1 |       ||    42
       Trog's Hand       |       |       |     4 |     3 |     6 |    13 |     8 |     1 ||    35
       Brothers in Arms  |       |       |       |     2 |     5 |     2 |     2 |       ||    11
 Abil: Rolling Charge    |    12 |     6 |    13 |    16 |    17 |    18 |    10 |       ||    92
       Evoke Blink       |       |       |       |       |       |     2 |       |       ||     2
Evoke: Wand              |       |       |    10 |    16 |     1 |    26 |       |       ||    53
       Condenser vane    |       |       |       |       |       |     6 |     3 |     1 ||    10
       Phial of floods   |       |       |       |       |       |     1 |       |       ||     1
       Box of beasts     |       |       |       |       |       |       |     1 |       ||     1
  Use: Scroll            |       |     3 |     8 |    11 |    10 |    11 |    12 |     1 ||    56
       Potion            |       |       |       |       |       |     2 |     5 |     1 ||     8
 Stab: Petrified         |       |       |       |       |     5 |       |       |       ||     5
       Distracted        |       |       |       |       |     1 |     1 |     2 |       ||     4
       Confused          |       |       |       |       |     1 |       |       |       ||     1
Armor: Animal skin       |    48 |       |       |       |       |       |       |       ||    48
       Ring mail         |     4 |     3 |       |    91 |    24 |       |       |       ||   122
       Chain mail        |       |    75 |   206 |    81 |       |       |       |       ||   362
       Ice dragon scales |       |       |       |       |    95 |       |       |       ||    95
       Plate armour      |       |       |       |       |   663 |  1341 |   996 |    67 ||  3067
Dodge: Dodged            |    67 |    51 |    95 |    96 |   249 |   207 |   309 |    30 ||  1104

Table legend: (Time is in decaauts)
 A = Elapsed time spent in this place.
 B = Non-inter-level travel time spent in this place.
 C = Inter-level travel time spent in this place.
 D = Time resting spent in this place.
 E = Time spent auto-exploring this place.
 F = Levels seen in this place.
 G = Mean time per level.
                   A        B        C        D        E       F      G
               +--------+--------+--------+--------+--------+-----+--------+
         Total |  64947 |  61774 |   3173 |  11265 |  41051 |  41 | 1584.1 |
       Dungeon |  19939 |  18854 |   1085 |   2894 |  12720 |  15 | 1329.3 |
          Lair |   9828 |   9103 |    725 |   2416 |   5684 |   6 | 1638.0 |
        Shoals |   5558 |   5285 |    273 |   1322 |   3000 |   4 | 1389.5 |
     Snake Pit |   9101 |   8914 |    187 |   2276 |   5560 |   4 | 2275.2 |
  Orcish Mines |   4878 |   4581 |    297 |    481 |   3394 |   2 | 2439.0 |
   Elven Halls |   4693 |   4494 |    199 |    805 |   2949 |   3 | 1564.3 |
        Vaults |   9044 |   8639 |    405 |    975 |   6327 |   4 | 2261.0 |
        Depths |   1015 |   1015 |      0 |     95 |    714 |   1 | 1015.0 |
         Abyss |     11 |     11 |      0 |      0 |      0 |   1 |   11.0 |
      Ice Cave |    875 |    875 |      0 |      0 |    701 |   1 |  875.0 |
               +--------+--------+--------+--------+--------+-----+--------+

Top non-repeatable levels by time:
Vaults:3: 3184 daAuts
 Snake:4: 3090 daAuts
   Orc:2: 2977 daAuts
 Snake:3: 2559 daAuts
    D:10: 2311 daAuts
Vaults:2: 2305 daAuts
  Lair:4: 2269 daAuts
 Snake:2: 2191 daAuts
Shoals:3: 2104 daAuts
  Lair:2: 2022 daAuts
   Elf:1: 2009 daAuts
Vaults:4: 1949 daAuts
   Orc:1: 1901 daAuts
     D:5: 1865 daAuts
Shoals:2: 1679 daAuts
